 Dungeon Crawl Stone Soup version 0.24.0 (webtiles) character file.

Game seed: 3474980305590884204, levelgen mode: deterministic

43 Buxparty the Shooter (level 3, 0/31 HPs)
             Began as a Gnoll Wanderer on Feb 9, 2020.
             Shot with an arrow by a centaur (7 damage)
             ... on level 2 of the Dungeon.
             The game lasted 00:01:46 (897 turns).

Buxparty the Shooter (Gnoll Wanderer)                Turns: 897, Time: 00:01:47

Health: 0/31       AC:  2    Str: 12    XL:     3   Next: 58%
Magic:  4/4        EV: 13    Int: 14    God:
Gold:   22         SH:  0    Dex: 17    Spells: 3/3 levels left

rFire    . . .     SeeInvis .   a - +2 shortbow
rCold    . . .     Gourm    .   (shield currently unavailable)
rNeg     . . .     Faith    .   f - +0 robe
rPois    .         Spirit   .   (no helmet)
rElec    .         Reflect  .   (no cloak)
rCorr    .         Harm     .   (no gloves)
MR       .....                  (no boots)
Stlth    ++........             (no amulet)
HPRegen  0.10/turn              (no ring)
MPRegen  0.09/turn              (no ring)

@: no status effects
A: distributed training, fangs 1, strong nose
a: no special abilities


You were on level 2 of the Dungeon.
You were not hungry.

You visited 1 branch of the dungeon, and saw 2 of its levels.

You collected 22 gold pieces.

Inventory:

Hand Weapons
 a - a +2 shortbow (weapon)
 c - a +0 hand crossbow
Missiles
 b - 7 arrows (quivered)
 d - 44 bolts
Armour
 f - a +0 robe (worn)
Jewellery
 j - an uncursed ring of protection from cold {unknown}
Scrolls
 e - 2 scrolls of teleportation
 i - a scroll of immolation {unknown}
 k - a scroll of identify {unknown}
Potions
 h - a potion of brilliance {unknown}
Comestibles
 g - 2 rations


   Skills:
 + Level 4.5 Fighting
 + Level 0.8 Short Blades
 + Level 0.8 Long Blades
 + Level 0.8 Axes
 + Level 0.8 Maces & Flails
 + Level 0.8 Polearms
 + Level 0.8 Staves
 + Level 0.8 Slings
 + Level 6.5 Bows
 + Level 0.8 Crossbows
 + Level 2.6 Throwing
 + Level 2.6 Armour
 + Level 2.6 Dodging
 + Level 2.4 Stealth
 + Level 0.8 Shields
 + Level 0.8 Unarmed Combat
 + Level 0.8 Spellcasting
 + Level 0.5 Conjurations
 + Level 0.5 Hexes
 + Level 0.5 Charms
 + Level 0.5 Summonings
 + Level 0.5 Necromancy
 + Level 0.5 Translocations
 + Level 0.5 Transmutations
 + Level 0.5 Fire Magic
 + Level 0.5 Ice Magic
 + Level 0.5 Air Magic
 + Level 0.5 Earth Magic
 + Level 0.5 Poison Magic
 + Level 1.0 Invocations
 + Level 2.6 Evocations


You had 3 spell levels left.
You didn't know any spells.
Your spell library was empty.

Dungeon Overview and Level Annotations

Branches:
Dungeon (2/15)

Altars:


Innate Abilities, Weirdness & Mutations

Your experience applies equally to all skills.
You have very sharp teeth.
Your uncanny sense of smell can sniff out nearby items.


Message History

The ooze is almost dead.
The centaur wields a +0 shortbow.
The centaur shoots an arrow.
The arrow hits you! The ooze hits you but does no damage.
Firing (i - inventory)
b - 9 arrows (quivered)
Press: ? - help, Shift-Dir - straight line, f/p - ooze
Aim: an ooze (almost dead)
You shoot an arrow. The arrow hits the ooze.
You kill the ooze!
Your Invocations skill increases to level 1!
The leopard gecko skeleton barely misses you.
Firing (i - inventory)
b - 8 arrows (quivered)
Press: ? - help, Shift-Dir - straight line, f - leopard gecko skeleton
Aim: a leopard gecko skeleton (lightly damaged)
You shoot an arrow.
The arrow hits the leopard gecko skeleton.
You destroy the leopard gecko skeleton!
The centaur shoots an arrow.
The arrow hits you!
* * * LOW HITPOINT WARNING * * *
The centaur shoots an arrow.
The arrow hits you!
You die...

...... . ....
.####### ...
#......#
#.##......##
#..#.(....((
###...>....#.
##.(.<........
###.#((##)[......#
.....c...@....#####
.##.(######...## #.
##...# ∆ ..
#.#....# ((
..##...# . ..##
.#... #..∆ ###. ...
.#..


You could see a centaur.

Vanquished Creatures
  An ooze (D:2)
  9 goblins
  5 hobgoblins
  5 jackals (D:1)
  2 kobolds (D:1)
  4 bats
  2 frilled lizards (D:2)
  A leopard gecko skeleton (D:2)
  4 rats
33 creatures vanquished.

Notes
Turn   | Place    | Note
-------+----------+-------------------------------------------
     0 | D:1      | Buxparty the Gnoll Wanderer began the quest for the Orb.
     0 | D:1      | Buxparty set off with the following items: a +2 shortbow,
                  | 27 arrows, a +0 hand crossbow, 22 bolts, a scroll of
                  | teleportation, a +0 robe, a ration
     0 | D:1      | Reached XP level 1. HP: 20/20 MP: 2/2
    44 | D:1      | Reached XP level 2. HP: 26/26 MP: 3/3
   515 | D:1      | Reached XP level 3. HP: 31/31 MP: 4/4
   890 | D:2      | Noticed a centaur
   894 | D:2      | Reached skill level 1 in Invocations
   897 | D:2      | Shot with an arrow by a centaur

Levels and vault maps discovered:
D:1:      scummos_arrival_hexagon, layout_basic
D:2:      layout_rooms, yredelemnul_altar_generic, uniq_terence, uniq_sigmund
